 Dungeon Crawl Stone Soup version 0.24-a0-447-ge8da9206dc (webtiles) character file.

Game seed: 17104057465965027493

87 Ijustatesigmund the Skirmisher (level 4, -7/55 HPs)
             Began as an Ogre Hunter on June 25, 2019.
             Mangled by an iguana (13 damage)
             ... on level 4 of the Dungeon.
             The game lasted 00:07:08 (3237 turns).

Ijustatesigmund the Skirmisher (Ogre Hunter)        Turns: 3237, Time: 00:07:09

Health: -7/55      AC:  4    Str: 15 (16) XL:     4   Next: 51%
Magic:  4/4        EV: 10    Int: 12      God:
Gold:   131        SH:  0    Dex: 10      Spells: 3/3 levels left

rFire    + . .     SeeInvis .   a - +1 whip
rCold    . . .     Gourm    .   (no shield)
rNeg     + . .     Faith    .   b - +1 robe
rPois    .         Spirit   .   (helmet restricted)
rElec    .         Reflect  .   (no cloak)
rCorr    .         Harm     .   (gloves unavailable)
MR       +....                  (boots unavailable)
Stlth    +.........             (no amulet)
HPRegen  0.18/turn              m - ring of positive energy
MPRegen  0.09/turn              (no ring)

@: no status effects
A: large, unfitting armour, deterioration 1, fire resistance 1, magic resistance
1, robust 1, tough skin 1
a: no special abilities


You were on level 4 of the Dungeon.
You were hungry.

You visited 1 branch of the dungeon, and saw 4 of its levels.

You collected 131 gold pieces.

Inventory:

Hand Weapons
 a - a +1 whip (weapon)
Missiles
 c - 3 large rocks (quivered)
 d - 2 throwing nets
 j - 3 javelins
Armour
 b - a +1 robe (worn)
Jewellery
 m - a ring of positive energy (left hand)
 p - an uncursed ring of ice
Scrolls
 e - 2 scrolls of teleportation
Potions
 g - 2 potions of agility
 h - a potion of berserk rage {unknown}
 k - a potion of curing {unknown}
Comestibles
 f - 3 rations


   Skills:
 + Level 5.3 Fighting
   Level 1.7 Short Blades
 * Level 0.1 Maces & Flails
 - Level 4.0 Throwing
 - Level 1.7 Dodging
 - Level 0.6 Stealth


You had 3 spell levels left.
You didn't know any spells.
Your spell library was empty.

Dungeon Overview and Level Annotations

Branches:
Dungeon (4/15)
 Temple: D:4-7

Altars:
Makhleb

Annotations:
D:3 Sigmund


Innate Abilities, Weirdness & Mutations

You are too large for most types of armour.
You have tough skin. (AC +1)
Your body sometimes deteriorates upon taking damage.
Your flesh is heat resistant. (rF+)
You are resistant to hostile enchantments. (MR+)
You are robust. (+10% HP)


Message History

The iguana bites you!
Your body deteriorates!
You feel weakened.
You hit the iguana.
The iguana is almost dead.
The iguana bites you but does no damage.
You hit the iguana but do no damage.
The iguana is almost dead.
The iguana closely misses you.
You barely miss the iguana.
The iguana is almost dead.
The iguana bites you!
You are too injured to fight recklessly!
You hit the iguana but do no damage.
The iguana is almost dead.
The iguana bites you!
* * * LOW HITPOINT WARNING * * *
You hit the iguana but do no damage.
The iguana is almost dead.
The iguana bites you!
You die...

##.###############
.................#
.........##.####.#
########.##......######
## ###.##.###.......#
#.####......# #..####.#
............###..#
..####.#........@# .#
##.#.....####l#
.###.###....# #.#
....## ##..... ..!
<###.# .#.##.(.. .# #.#
.#.# .#.## .# #.# .# #
.#.# .# ## #(... .#


You could see an iguana.

Vanquished Creatures
  2 adders (D:2)
  4 dart slugs (D:1)
  2 leopard geckos
  2 ball pythons (D:2)
  2 bats
  5 giant cockroaches (D:2)
  5 goblins
  10 hobgoblins
  5 jackals
  A quokka (D:2)
  6 frilled lizards
  2 kobolds (D:2)
  10 rats
56 creatures vanquished.

Notes
Turn   | Place    | Note
-------+----------+-------------------------------------------
     0 | D:1      | Ijustatesigmund the Ogre Hunter began the quest for the
                  | Orb.
     0 | D:1      | Reached XP level 1. HP: 22/22 MP: 1/1
    86 | D:1      | Reached skill level 3 in Fighting
   199 | D:1      | Reached XP level 2. HP: 31/31 MP: 2/2
   260 | D:1      | Reached skill level 1 in Short Blades
   415 | D:1      | HP: 1/31 [hobgoblin/+0 club (5)]
   765 | D:1      | Reached XP level 3. HP: 18/37 MP: 3/3
  1569 | D:1      | Reached skill level 4 in Fighting
  2076 | D:2      | Reached XP level 4. HP: 28/49 MP: 4/4
  2390 | D:2      | Found a burning altar of Makhleb.
  2465 | D:2      | Reached skill level 5 in Fighting
  3013 | D:2      | Gained mutation: You are occasionally teleported next to
                  | monsters. [potion of mutation]
  3013 | D:2      | Gained mutation: You are partially covered in large bone
                  | plates. (SH +4) [potion of mutation]
  3013 | D:2      | Gained mutation: Your flesh is heat resistant. (rF+)
                  | [potion of mutation]
  3014 | D:2      | Lost mutation: Your flesh is heat resistant. (rF+) [potion
                  | of mutation]
  3014 | D:2      | Lost mutation: You are partially covered in large bone
                  | plates. (SH +4) [potion of mutation]
  3014 | D:2      | Gained mutation: Your system is resistant to poisons.
                  | (rPois) [potion of mutation]
  3014 | D:2      | Gained mutation: You have sharp fingernails. [potion of
                  | mutation]
  3014 | D:2      | Gained mutation: You occasionally shout uncontrollably at
                  | your foes. [potion of mutation]
  3014 | D:2      | Gained mutation: Your natural rate of healing is unusually
                  | fast. [potion of mutation]
  3015 | D:2      | Lost mutation: You occasionally shout uncontrollably at
                  | your foes. [potion of mutation]
  3015 | D:2      | Lost mutation: Your natural rate of healing is unusually
                  | fast. [potion of mutation]
  3015 | D:2      | Gained mutation: You have large cloven feet. [potion of
                  | mutation]
  3015 | D:2      | Gained mutation: You evolve. [potion of mutation]
  3016 | D:2      | Lost mutation: Your system is resistant to poisons. (rPois)
                  | [potion of mutation]
  3016 | D:2      | Lost mutation: You evolve. [potion of mutation]
  3016 | D:2      | Lost mutation: You have large cloven feet. [potion of
                  | mutation]
  3016 | D:2      | Lost mutation: You have sharp fingernails. [potion of
                  | mutation]
  3016 | D:2      | Gained mutation: You are partially covered in iridescent
                  | scales. (AC +2) [potion of mutation]
  3016 | D:2      | Gained mutation: Your flesh is heat resistant. (rF+)
                  | [potion of mutation]
  3016 | D:2      | Gained mutation: You are robust. (+10% HP) [potion of
                  | mutation]
  3017 | D:2      | Lost mutation: You are occasionally teleported next to
                  | monsters. [potion of mutation]
  3017 | D:2      | Lost mutation: You are partially covered in iridescent
                  | scales. (AC +2) [potion of mutation]
  3017 | D:2      | Gained mutation: Your body sometimes deteriorates upon
                  | taking damage. [potion of mutation]
  3017 | D:2      | Gained mutation: You are resistant to hostile enchantments.
                  | (MR+) [potion of mutation]
  3138 | D:3      | Noticed Sigmund
  3237 | D:4      | Mangled by an iguana

Levels and vault maps discovered:
D:1:      matt_arrival_spirals, layout_basic, hangedman_decor_points
D:2:      layout_basic, overflow_temple_1_default, serial_glass,
          glass_columns_b, glass_columns_a, glass_columns_a, glass_columns_c,
          glass_columns_b, glass_columns_b, glass_columns_a, glass_columns_a,
          glass_columns_c, glass_columns_a, glass_columns_a, glass_columns_a,
          glass_columns_b, glass_columns_a, st_stairs_4, minmay_octomino_c4
D:3:      layout_loops_ring, elyvilon_altar_5, uniq_sigmund, uniq_natasha
D:4:      layout_loops_ring, chequers_temple_overflow_statue_of_worship,
          xom_redecorated, uniq_crazy_yiuf_cottage

Skill      XL: |  1  2  3  4 |
---------------+-------------+-----
Fighting       | 3 4 5 |  5.3
Short Blades   | 1 |  1.7
Maces & Flails | |  0.1
Throwing       | |  4.0
Dodging        | |  1.7
Stealth        | |  0.6

Action                   |  1- 3 |  4- 6 || total
-------------------------+-------+-------++-------
Melee: Short sword       |   196 |    75 ||   271
       Whip              |       |    28 ||    28
Throw: Large rock        |     3 |     2 ||     5
  Use: Scroll            |     1 |     7 ||     8
       Potion            |       |     5 ||     5
 Stab: Sleeping          |     3 |       ||     3
  Eat: Chunk             |     3 |     4 ||     7
Armor: Robe              |    53 |    14 ||    67
Dodge: Dodged            |   105 |    55 ||   160

Table legend:
 A = Non-vault XP
 B = Vault XP
 C = Vault XP percentage of total XP
 D = Non-vault monster count
 E = Vault monster count
 F = Vault count percentage of total count
                 A         B        C        D         E       F
            +---------+---------+-------+---------+---------+-------
      Total |     114 |      11 |   8.8 |      48 |       8 |  14.3
            +---------+---------+-------+---------+---------+-------
        D:1 |      51 |       0 |   0.0 |      25 |       0 |   0.0
        D:2 |      57 |      11 |  16.2 |      20 |       8 |  28.6
        D:4 |       6 |       0 |   0.0 |       3 |       0 |   0.0
            +---------+---------+-------+---------+---------+-------
